 Dungeon Crawl Stone Soup version 0.21.1-1-g345015f (webtiles) character file.

81 Spoonicorn the Sneak (level 4, -5/23 HPs)
             Began as a Spriggan Assassin on Mar 17, 2018.
             Killed from afar by Ijyb (6 damage)
             ... with a wand of flame (9)
             ... on level 2 of the Dungeon.
             The game lasted 00:07:09 (2378 turns).

Spoonicorn the Sneak (Spriggan Assassin)            Turns: 2378, Time: 00:07:17

Health: -5/23      AC:  3    Str:  7    XL:     4   Next: 19%
Magic:  5/5        EV: 19    Int: 12    God:
Gold:   132        SH:  0    Dex: 18    Spells: 3/3 levels left

rFire    . . .     SeeInvis +   a - +2 dagger
rCold    . . .     Gourm    .   (shield restricted)
rNeg     . . .     Faith    .   c - +0 robe
rPois    .         Spirit   .   (helmet restricted)
rElec    .         Reflect  .   d - +0 cloak
rCorr    .         Harm     .   (gloves unavailable)
MR       .....                  (boots unavailable)
Stlth    ++++......             (no amulet)
HPRegen  0.07/turn              j - +2 ring of evasion
MPRegen  0.09/turn              (no ring)

@: very quick
A: very small, unfitting armour, see invisible, herbivore, speed 3, slow
metabolism 2
a: no special abilities


You were on level 2 of the Dungeon.
You were not hungry.

You visited 1 branch of the dungeon, and saw 3 of its levels.

You collected 132 gold pieces.

Inventory:

Hand Weapons
 a - a +2 dagger (weapon)
 b - a +0 blowgun
Missiles
 e - 11 poisoned needles
Armour
 c - a +0 robe (worn)
 d - a +0 cloak (worn)
Jewellery
 j - a +2 ring of evasion (left hand)
Scrolls
 k - a scroll of random uselessness {unknown}
 p - a scroll of blinking {unknown}
 q - a scroll of remove curse {unknown}
Potions
 l - a potion of agility
Comestibles
 g - 5 rations


   Skills:
 + Level 2.0 Fighting
 * Level 3.4 Short Blades
 - Level 2.0 Throwing
 + Level 2.2 Dodging
 + Level 7.1 Stealth


You had 3 spell levels left.
You didn't know any spells.

Dungeon Overview and Level Annotations

Branches:
Dungeon (3/15)

Altars:
Cheibriados

Annotations:
D:2 2 transporters, Ijyb


Innate Abilities, Weirdness & Mutations

You are very small and have problems with some larger weapons.
You are too small for most types of armour.
You have supernaturally acute eyesight. (SInv)
You are a herbivore.
You cover ground extremely quickly.
You need consume almost no food.


Message History

You hit Ijyb but do no damage.
Ijyb is severely wounded.
Ijyb misses you.
It was a potion of flight.
You feel very buoyant.
You fly up into the air.
Ijyb barely misses you.
It was a potion of lignification.
You turn into a tree.
Your +0 cloak melds into your body.
Your +0 robe melds into your body.
Your roots penetrate the ground.
It was a potion of might.
You feel very mighty all of a sudden. Ijyb barely misses you.
It was a potion of cancellation.
Your magical effects are unravelling.
You feel magically purged.
You feel less wooden.
Your +0 cloak unmelds from your body.
Your +0 robe unmelds from your body.
You feel a little less mighty now.
Ijyb zaps a wand.
The puff of flame hits you!
You die...

#..........##.....#...
#########.........##..
#######.##.....##..
#...# #.##>.)......
#...###.##.........
#.......#######....
#..................
#...##########...#.
#.@.# #..#... #g..#
##....#. #...#
##.....<. #####
#.......# #.#....##
########.#....##
#....##..#....##
#....#..##......
#....#.###......


You could see Ijyb.

Vanquished Creatures
  2 adders (D:2)
  3 worms (D:2)
  A dart slug (D:1)
  3 giant cockroaches
  9 goblins
  3 hobgoblins
  4 jackals (D:3)
  8 kobolds
  4 quokkas
  A ball python (D:1)
  4 bats (D:2)
  3 frilled lizards
  3 rats (D:2)
48 creatures vanquished.

Vanquished Creatures (others)
  4 toadstools (D:1)
4 creatures vanquished.

Grand Total: 52 creatures vanquished

Notes
Turn   | Place    | Note
-------+----------+-------------------------------------------
     0 | D:1      | Spoonicorn the Spriggan Assassin began the quest for the Orb.
     0 | D:1      | Reached XP level 1. HP: 10/10 MP: 2/2
   135 | D:1      | Reached skill level 6 in Stealth
   364 | D:1      | Reached XP level 2. HP: 11/15 MP: 3/3
   719 | D:2      | Reached XP level 3. HP: 11/18 MP: 4/4
  1112 | D:2      | Reached skill level 7 in Stealth
  1354 | D:2      | Found a transporter.
  1360 | D:2      | Noticed a bullfrog
  1361 | D:2      | Found a snail-covered altar of Cheibriados.
  1361 | D:2      | Found a transporter.
  1366 | D:2      | Noticed a hornet
  1648 | D:2      | Reached XP level 4. HP: 19/23 MP: 5/5
  1796 | D:3      | Noticed Ijyb
  2371 | D:3      | HP: 1/23 [Ijyb/wand of flame (10) (8)]
  2378 | D:2      | Killed from afar by Ijyb

Skill      XL: |  1  2  3 |
---------------+----------+-----
Stealth        | 6 7 |  7.1
Short Blades   | 3 |  3.4
Dodging        | 2 |  2.2
Fighting       | 2 |  2.0
Throwing       | |  2.0

Action                   |  1- 3 |  4- 6 || total
-------------------------+-------+-------++-------
Melee: Dagger            |   178 |    31 ||   209
 Fire: Blowgun           |       |    12 ||    12
  Use: Potion            |       |     5 ||     5
 Stab: Sleeping          |     6 |     2 ||     8
       Distracted        |     1 |       ||     1
Armor: Robe              |    26 |     3 ||    29
Dodge: Dodged            |   174 |    46 ||   220
